AoeStats
← [ITCF]TANK

African Clearing

505036514Analyzed
3v3 RM · 24d ago on Sep 7, 2026· 57m 25s· 6 players
Game mode
Random Map
Map size
Normal (6 player)
Population
200
Speed
Normal
Resources
Standard
Victory
Conquest
Starting age
Dark Age
Ending age
Imperial Age
RankedLock teamsTeams togetherTeam positionsShared explorationLock speedFull tech treeHidden civsTurbo modeCheats
Victory
Defeat
🇹🇼 Huns · Taiwan
1330
+17
🇹🇼 Hindustanis · Taiwan
1330
+17
🇹🇼 Mongols · Taiwan
1311
+17
🇫🇮 Huns · Finland
1357
-18
🇲🇽 Vietnamese · Mexico
1336
-17
🇹🇷 Wu · Türkiye
1330
-16
[ITCF]Hentai
9:02 Loom
11:03 Feudal Age
12:13 Town Watch
12:18 Double-Bit Axe
13:18 Horse Collar
19:34 Scale Mail Armor
19:47 Forging
21:00 Scale Barding Armor
22:49 Bloodlines
28:02 Wheelbarrow
28:36 Gold Mining
31:19 Castle Age
29:40 Stone Mining
32:45 Bow Saw
32:02 Light Cavalry
32:42 Husbandry
33:11 Husbandry
33:44 Chain Barding Armor
35:37 Iron Casting
47:05 Heavy Plow
48:58 Hand Cart
52:47 Fletching
52:57 Padded Archer Armor
53:52 Thumb Ring
53:12 Elite Skirmisher
54:36 Gold Shaft Mining
54:37 Stone Shaft Mining
55:16 Ballistics
[ITCF]yuli
9:08 Loom
12:18 Feudal Age
14:14 Double-Bit Axe
17:18 Scale Barding Armor
18:17 Bloodlines
19:05 Horse Collar
20:19 Forging
21:17 Fletching
26:11 Castle Age
26:58 Bodkin Arrow
27:03 Padded Archer Armor
28:03 Bow Saw
27:59 Gold Mining
28:36 Husbandry
29:00 Leather Archer Armor
28:53 Thumb Ring
41:38 Wheelbarrow
42:56 Chain Barding Armor
45:54 Iron Casting
48:06 Imperial Age
46:31 Marauders
49:50 Plate Barding Armor
48:43 Cavalier
51:34 Blast Furnace
51:03 Hand Cart
52:41 Paladin
54:07 Town Watch
54:40 Bracer
[ITCF]TANK
10:22 Loom
14:29 Feudal Age
18:36 Castle Age
16:25 Double-Bit Axe
17:41 Wheelbarrow
17:03 Gold Mining
19:38 Bow Saw
19:45 Fletching
25:21 Bodkin Arrow
28:15 Horse Collar
29:16 Heavy Plow
29:17 Stone Mining
32:34 Wheelbarrow
32:36 Padded Archer Armor
33:03 Ballistics
34:39 Leather Archer Armor
36:12 Hand Cart
36:26 Husbandry
37:15 Bloodlines
37:32 Thumb Ring
43:44 Imperial Age
42:27 Gold Shaft Mining
42:28 Stone Shaft Mining
41:43 Town Watch
42:29 Town Patrol
43:01 Scale Barding Armor
43:06 Forging
42:20 Light Cavalry
43:50 Elite Mangudai
44:54 Conscription
44:35 Bracer
45:37 Chemistry
45:04 Parthian Tactics
44:25 Hussar
46:00 Chain Barding Armor
46:19 Iron Casting
50:34 Coinage
52:03 Banking
luislm6621
9:56 Loom
12:46 Feudal Age
13:11 Town Watch
13:13 Double-Bit Axe
16:49 Castle Age
17:52 Bow Saw
23:54 Horse Collar
27:17 Heavy Plow
28:44 Ballistics
29:01 Fletching
32:11 Treadmill Crane
32:56 Bodkin Arrow
42:22 Padded Archer Armor
45:12 Imperial Age
44:06 Wheelbarrow
43:47 Leather Archer Armor
47:04 Chemistry
46:42 Bracer
48:30 Ring Archer Armor
50:39 Hand Cart
50:24 Town Patrol
51:43 Scale Barding Armor
51:48 Forging
52:02 Elite Rattan Archer
53:28 Pikeman
54:48 Iron Casting
54:13 Scale Mail Armor
54:33 Chain Barding Armor
7777777
7:35 Loom
12:16 Feudal Age
16:37 Castle Age
14:34 Double-Bit Axe
16:40 Fletching
16:52 Padded Archer Armor
18:05 Bow Saw
24:30 Thumb Ring
27:10 Wheelbarrow
28:16 Town Watch
29:21 Gold Mining
29:57 Ballistics
30:42 Bodkin Arrow
31:02 Leather Archer Armor
30:53 Scale Barding Armor
33:07 Bloodlines
32:57 Husbandry
34:38 Chain Barding Armor
44:09 Imperial Age
41:07 Elite Skirmisher
43:40 Marauders
45:24 Conscription
44:49 Elite Tarkan
46:40 Forging
46:20 Horse Collar
49:56 Gold Shaft Mining
51:35 Plate Barding Armor
51:26 Cavalier
KaRaKaPLaN
9:51 Loom
12:09 Feudal Age
12:50 Double-Bit Axe
14:55 Fletching
24:03 Castle Age
22:44 Scale Mail Armor
22:54 Forging
22:07 Man-at-Arms
24:13 Long Swordsman
24:53 Squires
25:47 Bow Saw
27:27 Chain Mail Armor
32:10 Horse Collar
33:06 Wheelbarrow
32:57 Scale Barding Armor
33:28 Iron Casting
33:05 Bloodlines
32:55 Husbandry
34:00 Chain Barding Armor
36:21 Heavy Plow
43:02 Light Cavalry
46:33 Wheelbarrow
45:43 Town Watch
47:33 Hand Cart
54:48 Imperial Age
52:20 Town Patrol
52:14 Elite Skirmisher
52:53 Bodkin Arrow
52:59 Padded Archer Armor
55:11 Heavy Hei Guang Cavalry
56:43 Plate Barding Armor
57:17 Blast Furnace
55:41 Hussar
Connection lost

Rejoining the realm…

Still unreachable

The connection could not be restored.

Session expired

The server has moved on; the page needs a fresh start.